 Dungeon Crawl Stone Soup version 0.29.0-13-gc9e81de378 (webtiles) character file.

Game seed: 11846114228727420650

584 browni3141 the Caller (level 7, -2/50 HPs)
             Began as a Ghoul Summoner on Sept 9, 2022.
             Slain by an orc
             ... wielding a +0 mace
              (6 damage)
             ... on level 4 of the Dungeon.
             The game lasted 00:12:48 (5720 turns).

browni3141 the Caller (Ghoul Summoner)              Turns: 5720, Time: 00:12:49

Health: -2/50      AC: -4    Str: 14    XL:     7   Next: 37%
Magic:  1/10       EV: 12    Int: 16    God:
Gold:   243        SH:  0    Dex:  9    Spells: 3/12 levels left

rFire   . . .      SeeInvis .   o - +0 dagger (elec)
rCold   + . .      Faith    .   (no shield)
rNeg    + + +      Spirit   .   a - +0 robe
rPois   ∞          Reflect  .   k - +1 helmet
rElec   .          Harm     .   (no cloak)
rCorr   .          Rampage  .   (no gloves)
Will    .....                   (no boots)
Stlth   ++........              (no amulet)
HPRegen 0.00/turn               I - +6 ring of intelligence
MPRegen 0.12/turn               (no ring)

@: corroded, inhibited regen
A: claws 1, cold resistance 1, negative energy resistance 3, inhibited
regeneration, torment resistance 2, devour on kill
a: no special abilities


You were on level 4 of the Dungeon.
You visited 1 branch of the dungeon, and saw 4 of its levels.

You collected 243 gold pieces.


Innate Abilities, Weirdness & Mutations

You are immune to poison.
You have sharp fingernails.
Your flesh is cold resistant. (rC+)
You are immune to negative energy. (rN+++)
You do not regenerate when monsters are visible.
You are immune to unholy pain and torment.
You thrive by killing the living.


   Skills:
 - Level 1.7 Dodging
 - Level 2.1 Stealth
 - Level 3.0 Spellcasting
 - Level 2.0 Hexes
 * Level 7.0 Summonings


You had 3 spell levels left.
You knew the following spells:

 Your Spells              Type           Power      Damage    Failure   Level
c - Call Imp              Summ           24%        N/A       1%          2
f - Call Canine Familiar  Summ           24%        N/A       3%          3
g - Summon Guardian Gole  Hex/Summ       16%        N/A       9%          3
z - Summon Small Mammal   Summ           96%        N/A       1%          1

Your spell library contained the following spells:

 Spells                   Type           Power      Damage    Failure   Level
 Static Discharge         Conj/Air       2%         3-4/arc   28%         2
 Summon Lightning Spire   Summ/Air       13%        N/A       41%         4
 Dispel Undead            Necr           2%         3d7       88%         4
 Sticky Flame             Conj/Fire      2%         2d3       88%         4

Inventory:

Hand Weapons
 o - a +0 dagger of electrocution (weapon)
Missiles
 s - 4 curare-tipped darts {@f4}
 z - 5 poisoned darts {@f3}
Armour
 a - a +0 robe (worn)
 k - a +1 helmet (worn)
Magical Staves
 d - a staff of conjuration {!a}
Jewellery
 I - a +6 ring of intelligence (left claw)
Scrolls
 c - 2 scrolls of noise {unknown}
 e - a scroll of magic mapping {unknown}
 f - a scroll of teleportation {@r4}
 i - a scroll of enchant armour {unknown}
 l - a scroll of brand weapon {unknown}
 n - a scroll of fear {unknown}
 q - a scroll of blinking {unknown}
 r - a scroll of immolation {unknown}
 t - a scroll of enchant weapon {unknown}
 y - a scroll of identify {unknown}
Potions
 b - 2 potions of magic
 g - 2 potions of might {unknown}
 h - a potion of lignification {unknown}
 j - 4 potions of curing {unknown}
 m - a potion of resistance {unknown}
 p - a potion of mutation {unknown}
 u - a potion of flight {unknown}
 v - a potion of ambrosia {unknown}
 w - a potion of attraction {unknown}
 x - a potion of brilliance {unknown}

Dungeon Overview and Level Annotations

Branches:
Dungeon (4/15)
 Temple: D:4-7

Altars:
Ashenzari

Shops:
D:2

= #. ###..
..@ . ..
##.#..O. # ..
... ....
.....
.....o#######
.......oo@..#
.........o..#
.......h.9..#
###.........#
#.........#
#.........#
#.........#
#.........#


You could see an orc wizard, 3 orcs, a friendly guardian golem (summoned) and a
friendly hound (summoned).


Message History

Unknown command.
Unknown command.
Your hound barely misses the orc.
The kobold throws a stone.
The stone misses you.
The orc hits your hound with a +4 dagger.
The iguana bites your hound!
Your hound dies!
Your hound's corpse disappears in a puff of smoke!
The adder misses you.
Unknown command.
The adder attacks as you move away! The adder closely misses you.
Your surroundings suddenly seem different.
An orc wizard and 3 orcs come into view.
The orc shouts! x2; The orc wizard shouts!
The orc hits you with a +0 mace.
* * * LOW HITPOINT WARNING * * *
Unknown command.
The orc attacks as you move away! The orc hits you with a +0 mace!
* * * LOW HITPOINT WARNING * * *
Unknown command.
Casting: Call Canine Familiar (dangerous; 3% risk of failure)
Confirm with . or Enter, or press ? or * to list all spells.
A guardian golem appears, shielding your allies.
The orc hits you with a +0 mace.
* * * LOW HITPOINT WARNING * * *
Unknown command.
Casting: Summon Guardian Golem (dangerous; 9% risk of failure)
Confirm with . or Enter, or press ? or * to list all spells.
The orc hits you with a +0 mace.
You die...

Skill      XL: |  1  2  3  4  5  6 |
---------------+-------------------+-----
Spellcasting   | 2 3 |  3.0
Summonings     | 4 5 7 |  7.0
Hexes          | 1 2 |  2.0
Dodging        | |  1.7
Stealth        | |  2.1

Action                   |  1- 3 |  4- 6 |  7- 9 || total
-------------------------+-------+-------+-------++-------
Melee: Unarmed           |   119 |    95 |       ||   214
       Dagger            |       |   167 |    20 ||   187
       Punch             |       |     4 |     1 ||     5
 Cast: Summon Small Mamm |    30 |    30 |     5 ||    65
       Call Canine Famil |     2 |    13 |     2 ||    17
       Call Imp          |     2 |     2 |       ||     4
       Summon Guardian G |       |     3 |     1 ||     4
  Use: Scroll            |       |     1 |     1 ||     2
 Stab: Distracted        |     2 |     1 |       ||     3
       Sleeping          |     1 |     4 |       ||     5
Armor: Robe              |    23 |    78 |     4 ||   105
Dodge: Dodged            |    99 |   153 |    23 ||   275

Levels and vault maps discovered:
D:1:      shiori_arrival_maze, layout_loops_corners, basic_ecumenical_altar,
          dreamdust_mushroom_princess, grunt_decor_cap
D:2:      layout_rooms, serial_shops, shop, grunt_decor_junction, uniq_terence,
          uniq_natasha
D:3:      cheibrodos_fertilizer, layout_loops_ring,
          minmay_fractal_squares_gapless_5
D:4:      cheibrodos_pilgrimage, layout_basic, cheibrodos_ashenzari_chains,
          temple_green, minmay_manual_monstrance, uniq_sigmund, uniq_menkaure

Notes
Turn   | Place    | Note
-------+----------+-------------------------------------------
     0 | D:1      | browni3141 the Ghoul Summoner began the quest for the Orb.
     0 | D:1      | Reached XP level 1. HP: 14/14 MP: 2/2
   164 | D:1      | Reached skill level 2 in Spellcasting
   341 | D:1      | Reached XP level 2. HP: 16/20 MP: 0/4
   490 | D:1      | Found a faded altar of an unknown god.
   628 | D:1      | Learned a level 2 spell: Call Imp
  1105 | D:1      | Reached XP level 3. HP: 19/26 MP: 3/6
  1224 | D:1      | Reached skill level 3 in Spellcasting
  1228 | D:1      | Learned a level 3 spell: Call Canine Familiar
  1962 | D:2      | Noticed Terence
  2077 | D:2      | Noticed Natasha
  2094 | D:2      | Killed Natasha
  2095 | D:2      | Reached skill level 4 in Summonings
  2095 | D:2      | Reached XP level 4. HP: 14/33 MP: 0/7
  2095 | D:2      | Noticed Natasha
  2447 | D:2      | Found Kiklamom's Jewellery Shoppe.
  2635 | D:1      | Learned a level 3 spell: Summon Guardian Golem
  2710 | D:2      | Killed Natasha
  2718 | D:2      | Noticed Natasha
  2726 | D:2      | Killed Natasha
  2727 | D:2      | Reached skill level 1 in Hexes
  2874 | D:2      | Killed Terence
  2875 | D:2      | Reached XP level 5. HP: 33/38 MP: 1/8
  3746 | D:3      | Reached skill level 2 in Hexes
  3746 | D:3      | Reached skill level 5 in Summonings
  4090 | D:3      | Reached XP level 6. HP: 45/45 MP: 9/9
  4880 | D:4      | Noticed Menkaure
  4884 | D:4      | Noticed a nameless horror
  4890 | D:4      | Killed Menkaure
  4891 | D:4      | Reached skill level 6 in Summonings
  4895 | D:4      | Killed a nameless horror
  5354 | D:4      | Found a broken altar of Ashenzari.
  5360 | D:4      | Noticed Sigmund
  5424 | D:4      | Killed Sigmund
  5425 | D:4      | Reached skill level 7 in Summonings
  5425 | D:4      | Reached XP level 7. HP: 21/50 MP: 2/10
  5719 | D:4      | HP: 4/50 [orc/+0 mace (3)]
  5720 | D:4      | Slain by an orc

Vanquished Creatures
  Menkaure (D:4)
  Natasha (D:2)
  2 adders
  A dart slug (D:3)
  An orc (D:4)
  12 endoplasms
  3 giant cockroaches
  5 hobgoblins
  3 jackals
  12 kobolds
  2 quokkas
  7 ball pythons
  6 bats
  4 frilled lizards
  6 goblins
  4 rats
70 creatures vanquished.

Vanquished Creatures (collateral kills)
  Sigmund (D:4)
  A nameless horror (D:4)
  A jelly (D:3)
  An iguana (D:4)
  Terence (D:2)
  Natasha (twice) (D:2)
  An adder (D:3)
  2 worms (D:4)
  A dart slug (D:2)
  An orc (D:4)
  5 endoplasms
  A goblin (D:1)
  3 hobgoblins
  2 jackals (D:2)
  3 kobolds
  3 quokkas
  2 ball pythons
  2 frilled lizards (D:1)
  A rat (D:3)
34 creatures vanquished.

Vanquished Creatures (others)
  A fungus (D:3)
  11 toadstools (D:3)
12 creatures vanquished.

Grand Total: 116 creatures vanquished

Table legend: (Time is in decaauts)
 A = Elapsed time spent in this place.
 B = Non-inter-level travel time spent in this place.
 C = Inter-level travel time spent in this place.
 D = Time resting spent in this place.
 E = Time spent auto-exploring this place.
 F = Levels seen in this place.
 G = Mean time per level.
                   A        B        C        D        E       F      G
               +--------+--------+--------+--------+--------+-----+--------+
         Total |   5722 |   5370 |    352 |    394 |   3766 |   4 | 1430.5 |
       Dungeon |   5722 |   5370 |    352 |    394 |   3766 |   4 | 1430.5 |
               +--------+--------+--------+--------+--------+-----+--------+

Top non-repeatable levels by time:
     D:1: 2516 daAuts
     D:3: 1344 daAuts
     D:2: 944 daAuts
     D:4: 917 daAuts

Table legend:
 A = Non-vault XP
 B = Vault XP
 C = Vault XP percentage of total XP
 D = Non-vault monster count
 E = Vault monster count
 F = Vault count percentage of total count
                 A         B        C        D         E       F
            +---------+---------+-------+---------+---------+-------
      Total |     265 |     570 |  68.3 |      75 |      28 |  27.2
            +---------+---------+-------+---------+---------+-------
        D:1 |      45 |       3 |   6.2 |      29 |       2 |   6.5
        D:2 |     121 |      72 |  37.3 |      22 |       2 |   8.3
        D:3 |      36 |      85 |  70.2 |      14 |      18 |  56.2
        D:4 |      63 |     410 |  86.7 |      10 |       6 |  37.5
            +---------+---------+-------+---------+---------+-------
